 Dungeon Sprint DCSS version 0.23.2-30-g0e89c35649 (webtiles) character file.

Game seed: 13091457810284520985

185057 HASTUR3 the End of an Era (level 17, -2/139 HPs)
             Began as a Troll Monk on June 23, 2019.
             Was the Champion of Qazlal.
             Splashed by Miebry the pandemonium lord's acid (9 damage)
             ... in the Dungeon (Sprint V: "Ziggurat Sprint").
             The game lasted 00:26:22 (1406 turns).

HASTUR3 the End of an Era (Troll Monk)              Turns: 1406, Time: 00:26:23

Health: -2/139     AC: 24    Str: 33    XL:     17   Next: 80%
Magic:  23/57      EV:  3    Int:  6    God:    Qazlal [******]
Gold:   0          SH: 42    Dex: 20    Spells: 16/16 levels left

rFire    + . .     SeeInvis +   Q - staff of power
rCold    + . .     Gourm    +   D - +18 shield of the Gong {rElec rN+ MR+ EV-5}
rNeg     + + .     Faith    .   E - +5 gold dragon scales
rPois    +         Spirit   .   M - +3 crown of Dyrovepreva {rElec Int+2 SInv}
rElec    +         Reflect  .   (no cloak)
rCorr    .         Harm     +   (gloves unavailable)
MR       +++++     NoTele   +   (boots unavailable)
Stlth    ..........             u - amulet of Kirae {Harm *Drain rC- rN+ MR+++ Str+4}
HPRegen  0.73/turn              y - +6 ring of strength
MPRegen  0.35/turn              x - ring of the Illusory Lovers {+Inv rElec MP+9 Int-2 Dex+3}

@: protected from cold, studying Axes, repel missiles
A: large, unfitting armour, claws 3, fast metabolism 3, gourmand, regeneration
1, shaggy fur 1, tough skin 3
a: Upheaval, Elemental Force, Disaster Area, Renounce Religion, Evoke
Invisibility


You were in the Dungeon.
You worshipped Qazlal.
Qazlal was exalted by your worship.
You were completely stuffed.

You visited 1 branch

Inventory:

Armour
 D - the +18 shield of the Gong (worn) {rElec rN+ MR+ EV-5}
   (You found it in the Dungeon)

   It affects your evasion (-5).
   It insulates you from electricity.
   It protects you from negative energy.
   It affects your resistance to hostile enchantments.
 E - +5 gold dragon scales (worn)
 M - the +3 crown of Dyrovepreva (worn) {rElec Int+2 SInv}
   (You found it in the Dungeon)

   It affects your intelligence (+2).
   It insulates you from electricity.
   It lets you see invisible.
Magical Staves
 Q - an uncursed staff of power (weapon)
Jewellery
 l - an uncursed amulet of regeneration
 u - the amulet of Kirae (around neck) {Harm *Drain rC- rN+ MR+++ Str+4}
   (You found it in the Dungeon)

   [amulet of harm]

   It increases damage dealt and taken.
   It affects your strength (+4).
   It makes you vulnerable to cold.
   It protects you from negative energy.
   It affects your resistance to hostile enchantments.
   It causes draining when unequipped.
 x - the ring of the Illusory Lovers (right claw) {+Inv rElec MP+9 Int-2 Dex+3}
   (You found it in the Dungeon)

   [ring of dexterity]

   It affects your intelligence (-2).
   It affects your dexterity (+3).
   It insulates you from electricity.
   It affects your magic capacity (+9).
   It lets you turn invisible.
 y - a +6 ring of strength (left claw)
 z - a +6 ring of strength
 B - an uncursed ring of positive energy
 C - the ring of Pride {rPois rN+ MP+9}
   (You took it off a green draconian in the Dungeon)

   [ring of magical power]

   It protects you from poison.
   It protects you from negative energy.
   It affects your magic capacity (+9).
 G - the ring "Qalir" {+Fly rN+ MP+9 Dex+3}
   (You took it off a purple draconian in the Dungeon)

   [ring of magical power]

   It affects your dexterity (+3).
   It protects you from negative energy.
   It affects your magic capacity (+9).
   It lets you fly.
 H - an uncursed ring of protection from fire
 O - the cursed necklace of Bloodlust {*Rage +Rage MR++ Int-3 Slay+6 *Curse}
   (You found it in the Dungeon)

   [amulet of rage]

   It affects your intelligence (-3).
   It affects your accuracy and damage with ranged weapons and melee attacks
   (+6).
   It affects your resistance to hostile enchantments.
   It lets you go berserk.
   It may make you go berserk in combat.
   It curses itself when equipped.
   It has a curse placed upon it.
Scrolls
 h - 4 scrolls of blinking
 o - 4 scrolls of amnesia
 p - 7 scrolls of fog
 q - a scroll of holy word
 r - 5 scrolls of identify
 s - 5 scrolls of remove curse
 t - 2 scrolls of fear
 N - 4 scrolls of enchant weapon
 T - 3 scrolls of brand weapon
Potions
 c - 10 potions of curing
 d - 11 potions of heal wounds
 e - 6 potions of haste
 f - 5 potions of magic
 g - a potion of berserk rage
 i - 2 potions of brilliance
 j - 2 potions of invisibility
 k - 4 potions of resistance
 m - 5 potions of agility
 n - 6 potions of might
Books
 J - a manual of Axes
Miscellaneous
 a - a lightning rod (4/4)
 v - a sack of spiders
 w - a lamp of fire
 F - a box of beasts
 I - a fan of gales
 K - a phantom mirror
 P - a crystal ball of energy
 V - a phial of floods
Comestibles
 b - 9 rations
 A - 11 chunks of flesh


   Skills:
 - Level 2.4 Fighting
 - Level 8.5 Dodging
 - Level 1.0 Stealth
 + Level 17.6 Shields
 - Level 20.6 Unarmed Combat
 O Level 27 Invocations
 O Level 27 Evocations


You had 16 spell levels left.
You didn't know any spells.
Your spell library contained the following spells:

 Spells                   Type           Power        Failure   Level  Hunger
 Freeze                   Ice            #...         100%        1    ##.....
 Shock                    Conj/Air       #...         100%        1    ##.....
 Ensorcelled Hibernation  Hex/Ice        #.....       100%        2    ###....
 Swiftness                Chrm/Air       #.......     100%        2    ###....
 Ignite Poison            Fire/Tmut/Pois #.......     100%        3    ####...
 Mephitic Cloud           Conj/Pois/Air  #.......     100%        3    ####...
 Throw Icicle             Conj/Ice       #.......     100%        4    #####..
 Bolt of Draining         Conj/Necr      #.........   100%        5    ######.
 Bolt of Cold             Conj/Ice       #.........   100%        6    #######
 Death Channel            Necr           #.........   100%        6    #######
 Ozocubu's Refrigeration  Ice            #.........   100%        6    #######
 Simulacrum               Ice/Necr       #.........   100%        6    #######
 Statue Form              Tmut/Erth      #........    100%        6    #######
 Ignition                 Fire           #.........   100%        8    #######


Dungeon Overview and Level Annotations

Branches:
Dungeon (1/1)

Altars:
Ashenzari
Cheibriados
Dithmenos
Elyvilon
Fedhas
Gozag
Hepliaklqana
Kikubaaqudgha
Makhleb
Nemelex Xobeh
Okawaru
Qazlal
Ru
Sif Muna
Trog
Uskayaw
Vehumet
Wu Jian
Xom
Yredelemnul
Zin
The Shining One
Beogh
Jiyva
Lugonu


Innate Abilities, Weirdness & Mutations

You are too large for most types of armour.
You have claws for hands.
Your metabolism is lightning-fast.
You like to eat raw meat.
Your natural rate of healing is unusually fast.
You are covered in fur. (AC +1)
You have extremely tough skin. (AC +3)


Message History

You hit Miebry but do no damage.
Miebry is almost dead.
Something roars, "Thy gizzard shall be my repast!"
Miebry gestures at you.
The bolt of acid hits you but does no damage.
You are splashed with acid.
* * * LOW HITPOINT WARNING * * *
Yxkuid comes into view. It is armed with an antimagic touch.
Miebry sneers, "Embrace thy doom, thou tasty curdle!"
You block Miebry's attack.
GONNNNG!
Aiming: Upheaval
Press: ? - help, Dir - move target cursor Magma suddenly erupts from the ground!
You hear a sizzling sound!
Miebry gestures at you. The bolt of acid hits you!!
* * * LOW HITPOINT WARNING * * *
You are splashed with acid!
You die...

▓......
▓.&≈≈≈.=|≈≈&≈...▓......
▓≈...≈≈.≈[.≈≈≈..▓..▓...
▓.≈≈≈.≈≈≈.≈≈....▓.▓▓▓..
▓....≈≈≈≈§≈..§..▓..▓...
▓.≈≈≈≈≈.≈°.≈....▓.≈....
▓...≈≈.°≈≈§§....▓..≈...
▓...☼.&°≈.§.....▓▓▓▓▓▓▓
▓○@≈☼§§§▓ . ▓▓§§≈..▓▓ .
...▓......≈▓...
...............
▓≈......©§.§....
▓▓▓▓▓▓▓▓▓▓▓▓▓▓▓▓


You could see Miebry, Vuuduf and Yxkuid.

Vanquished Creatures
  3 shard shrikes (shapeshifter) (D)
  19 pandemonium lords (D)
  An Executioner (D)
  2 nagarajas (D)
  An azure jelly (D)
  2 draconian knights (D)
  2 draconian scorchers (D)
  2 balrugs (D)
  A reaper (D)
  2 green draconians (D)
  3 red draconians (D)
  A black draconian (D)
  2 white draconians (D)
  3 purple draconians (D)
  3 yellow draconians (D)
  A death ooze (D)
  A spark wasp (shapeshifter) (D)
  An ettin (D)
  A deep elf death mage (D)
  A great orb of eyes (shapeshifter) (D)
  A deep elf high priest (D)
  2 naga warriors (D)
  An anaconda (shapeshifter) (D)
  An anaconda (D)
  2 hell hogs (D)
  2 dancing weapons (D)
  3 orc high priests (D)
  6 spriggans (D)
  A hell knight (D)
  A deep elf knight (D)
  A skeletal warrior (D)
  A deep troll (shapeshifter) (D)
  A flayed ghost (D)
  A gelid demonspawn (D)
  An orc knight (D)
  2 wolf spiders (shapeshifter) (D)
  4 orc sorcerers (D)
  3 deep elf magi (D)
  4 draconians (D)
  A salamander (shapeshifter) (D)
  A cyclops (shapeshifter) (D)
  6 toenail golems (D)
  4 naga magi (D)
  A water nymph (shapeshifter) (D)
  2 black mambas (D)
  A smoke demon (D)
  A torpor snail (shapeshifter) (D)
  A hellwing (D)
  2 freezing wraiths (D)
  2 tormentors (D)
  A red devil (D)
  2 merfolk (shapeshifter) (D)
  A troll (D)
  2 meliai (shapeshifter) (D)
  A polar bear (D)
  6 slime creatures (D)
  A hornet (shapeshifter) (D)
  2 hornets (D)
  A dream sheep (shapeshifter) (D)
  A slime creature (shapeshifter) (D)
  A redback (shapeshifter) (D)
  A ynoxinul (D)
  2 flying skulls (D)
  4 shadows (D)
  3 wraiths (D)
  A hog (shapeshifter) (D)
  A fire elemental (D)
  2 golden eyes (D)
  2 nagas (D)
  4 water moccasins (D)
  2 hell hounds (D)
  2 floating eyes (D)
  An ice beast (D)
  9 orc warriors (D)
  4 black bears (D)
  A black bear (shapeshifter) (D)
  An eye of draining (D)
  3 necrophages (D)
  2 phantoms (D)
  A tengu (shapeshifter) (D)
  2 ogres (D)
  A boggart (shapeshifter) (D)
  3 wolves (D)
  3 earth elementals (D)
  2 wights (D)
  3 jellies (D)
  A jelly (shapeshifter) (D)
  6 orc wizards (D)
  2 orc priests (D)
  A mummy (D)
  2 adders (D)
  4 white imps (D)
  3 oozes (D)
  3 adder skeletons (D)
  3 adder zombies (D)
  An orc (D)
  3 ball pythons (D)
  4 bat skeletons (D)
  A bat zombie (D)
  A giant cockroach zombie (D)
  2 jackal skeletons (D)
  2 jackal zombies (D)
  A leopard gecko zombie (D)
231 creatures vanquished.

Vanquished Creatures (collateral kills)
  A pandemonium lord (D)
  A deep elf blademaster (D)
  2 reapers (D)
  A naga warrior (D)
  A dancing weapon (D)
  2 deep elf archers (D)
  An orc knight (D)
  A guardian serpent (D)
  An ice devil (D)
11 creatures vanquished.

Grand Total: 242 creatures vanquished

Notes
Turn   | Place    | Note
-------+----------+-------------------------------------------
     0 | D        | Found the +6 Majin-Bo {vamp, Archmagi MP+6 Int+6}
     0 | D        | Found the +7 great mace "Firestarter" {inner flame, rF++}
     0 | D        | HASTUR3 the Troll Monk began the quest for the Orb.
     0 | D        | Reached XP level 1. HP: 22/22 MP: 0/0
     0 | D        | Found a blossoming altar of Fedhas.
     1 | D        | Found a deep blue altar of Sif Muna.
     1 | D        | Found a sacrificial altar of Ru.
     1 | D        | Found a bloodstained altar of Trog.
     1 | D        | Found a stormy altar of Qazlal.
     1 | D        | Found an iron altar of Okawaru.
     1 | D        | Found a sparkling altar of Nemelex Xobeh.
     3 | D        | Found a transporter.
     3 | D        | Found an ancient bone altar of Kikubaaqudgha.
     3 | D        | Found a viscous altar of Jiyva.
     3 | D        | Found a corrupted altar of Lugonu.
     3 | D        | Found a hazy altar of Hepliaklqana.
     3 | D        | Found a burning altar of Makhleb.
     3 | D        | Found an opulent altar of Gozag.
    24 | D        | Found the +9 heavy crossbow "Sniper" {velocity, Acc+∞ SInv}
    24 | D        | Found the +10 dark maul {crush}
    24 | D        | Found the +15 Maxwell's patent armour {-Cast -Tele rElec
                  | MR+ rCorr}
    24 | D        | Found the +18 shield of the Gong {rElec rN+ MR+ EV-5}
    24 | D        | Found the cursed +14 obsidian axe {chop, +Fly SInv *Curse}
    25 | D        | Found the +6 shillelagh "Devastator" {shatter}
    25 | D        | Found the +11 plutonium sword {*Contam Stlth-}
    25 | D        | Found the +8 lance "Wyrmbane" {slay drac, rPois rF+ rC+
                  | AC+3}
    25 | D        | Found the +9 sword of Zonguldrok {reap}
    25 | D        | Found the cursed +13 scythe of Curses {drain, *Curse}
    25 | D        | Found the +0 sword of Power
    25 | D        | Found the +7 mace of Variability {chain chaos}
    25 | D        | Found the +7 Singing Sword {slice, sonic wave}
    25 | D        | Found the +7 longbow "Piercer" {penet, EV-2}
   100 | D        | Became a worshipper of Qazlal Stormbringer
   100 | D        | Reached * piety under Qazlal
   100 | D        | Reached ** piety under Qazlal
   123 | D        | Entered arena 2.
   123 | D        | Noticed an ice beast
   123 | D        | Noticed a polar bear
   123 | D        | Found a transporter.
   132 | D        | Killed an ice beast
   132 | D        | Reached skill level 5 in Dodging
   132 | D        | Reached XP level 2. HP: 29/29 MP: 1/1
   132 | D        | Reached XP level 3. HP: 36/36 MP: 2/2
   132 | D        | Reached XP level 4. HP: 44/44 MP: 3/3
   136 | D        | Killed a polar bear
   136 | D        | Reached XP level 5. HP: 50/50 MP: 4/4
   136 | D        | Reached XP level 6. HP: 59/59 MP: 5/5
   170 | D        | Entered arena 3.
   170 | D        | Found a transporter.
   175 | D        | Reached skill level 10 in Unarmed Combat
   177 | D        | Reached *** piety under Qazlal
   194 | D        | Entered arena 4.
   194 | D        | Found a transporter.
   209 | D        | Reached **** piety under Qazlal
   226 | D        | Entered arena 5.
   226 | D        | Noticed a golden eye
   226 | D        | Noticed a floating eye
   226 | D        | Noticed a slime creature
   226 | D        | Found a transporter.
   227 | D        | Paralysed by a floating eye for 3 turns
   233 | D        | Paralysed by a floating eye for 3 turns
   239 | D        | Killed a slime creature
   239 | D        | Reached XP level 7. HP: 60/66 MP: 0/11
   242 | D        | Killed a golden eye
   245 | D        | Reached ***** piety under Qazlal
   339 | D        | Entered arena 6.
   339 | D        | Noticed a deep elf mage
   339 | D        | Noticed a deep elf death mage
   339 | D        | Noticed an orc high priest
   339 | D        | Noticed a +1 battleaxe of chopping
   339 | D        | Noticed a deep elf mage
   339 | D        | Found a transporter.
   341 | D        | Noticed a rust devil
   341 | D        | Noticed a smoke demon
   348 | D        | Killed a deep elf death mage
   348 | D        | Reached XP level 8. HP: 74/74 MP: 13/16
   350 | D        | Killed a deep elf mage
   350 | D        | Reached XP level 9. HP: 80/80 MP: 13/18
   361 | D        | Killed a deep elf mage
   361 | D        | Killed an orc high priest
   361 | D        | Reached skill level 15 in Invocations
   375 | D        | Killed a +1 battleaxe of chopping
   422 | D        | Reached XP level 10. HP: 71/88 MP: 21/21
   423 | D        | Entered arena 7.
   423 | D        | Noticed a spriggan rider
   424 | D        | Found a transporter.
   425 | D        | Killed a spriggan rider
   425 | D        | Reached skill level 5 in Shields
   425 | D        | Reached XP level 11. HP: 78/94 MP: 22/22
   467 | D        | Entered arena 8.
   468 | D        | Found a transporter.
   505 | D        | Entered arena 9.
   505 | D        | Noticed a spriggan rider
   506 | D        | Killed a spriggan rider
   506 | D        | Reached ****** piety under Qazlal
   509 | D        | Found a transporter.
   542 | D        | Got the Catalogue of Unstable Unholy Secrets
   544 | D        | Entered arena 10.
   544 | D        | Noticed a red draconian
   544 | D        | Noticed a green draconian
   544 | D        | Noticed a white draconian
   544 | D        | Noticed a yellow draconian
   545 | D        | Found a transporter.
   546 | D        | Killed a yellow draconian
   546 | D        | Killed a green draconian
   546 | D        | Killed a red draconian
   546 | D        | Reached skill level 10 in Shields
   560 | D        | Killed a white draconian
   560 | D        | Reached XP level 12. HP: 70/104 MP: 16/24
   599 | D        | Entered arena 11.
   600 | D        | Found a transporter.
   629 | D        | Entered arena 12.
   630 | D        | Found the +27 Lear's hauberk
   632 | D        | Found a transporter.
   660 | D        | Entered arena 13.
   660 | D        | Noticed a deep elf high priest
   660 | D        | Noticed an orc high priest
   661 | D        | Identified the ring "Kucugih" {rF+ rC+ Str-4 Slay+1}
   661 | D        | Identified the ring of Renedepi {rF+ rN+ Int+3}
   661 | D        | Noticed a deep elf blademaster
   662 | D        | Killed a deep elf high priest
   662 | D        | Reached skill level 15 in Unarmed Combat
   662 | D        | Killed an orc high priest
   663 | D        | Found a transporter.
   674 | D        | Killed a deep elf blademaster
   696 | D        | Got the Handbook of Fiery Ice
   710 | D        | Entered arena 14.
   710 | D        | Noticed a reaper
   711 | D        | Noticed a reaper
   711 | D        | Noticed a reaper
   713 | D        | Found a transporter.
   717 | D        | Killed a reaper
   717 | D        | Reached XP level 13. HP: 56/110 MP: 17/25
   723 | D        | Killed a reaper
   725 | D        | Killed a reaper
   744 | D        | Got the cursed ring "Exze" {rElec Str-5 Dex+8 Slay-6
                  | Stlth+}
   746 | D        | Got the ring "Tuaxtesi" {+Blink Int+3 Dex+5 Slay+3 Stlth-}
   828 | D        | Entered arena 15.
   829 | D        | Noticed a balrug
   831 | D        | Killed a balrug
   833 | D        | Found a transporter.
   875 | D        | Got the amulet of Kirae {Harm *Drain rC- rN+ MR+++ Str+4}
   885 | D        | Got the Compendium of the Glacier and Weightlessness
   905 | D        | Got the ring of the Illusory Lovers {+Inv rElec MP+9 Int-2
                  | Dex+3}
   906 | D        | Entered arena 16.
   906 | D        | Noticed a white draconian knight
   906 | D        | Noticed a yellow draconian
   906 | D        | Noticed a black draconian scorcher
   907 | D        | Noticed a red draconian
   907 | D        | Noticed a yellow draconian
   907 | D        | Noticed a green draconian knight
   907 | D        | Identified the ring "Qalir" {+Fly rN+ MP+9 Dex+3}
   907 | D        | Noticed a purple draconian
   907 | D        | Noticed a black draconian scorcher
   907 | D        | Identified the amulet "Zakubb" {Faith Str+4}
   907 | D        | Noticed a purple draconian
   907 | D        | Identified the ring "Geta" {*Slow rC+ Int+8 Dex+4}
   907 | D        | Noticed a purple draconian
   907 | D        | Noticed a red draconian
   908 | D        | Noticed a white draconian
   908 | D        | Identified the ring of Pride {rPois rN+ MP+9}
   908 | D        | Noticed a green draconian
   908 | D        | Identified the +5 broad axe "Nygh" {venom, rC+}
   908 | D        | Noticed a black draconian
   909 | D        | Killed a purple draconian
   909 | D        | Killed a yellow draconian
   909 | D        | Killed a black draconian scorcher
   909 | D        | Killed a purple draconian
   909 | D        | Killed a purple draconian
   909 | D        | Killed a black draconian scorcher
   910 | D        | Killed a red draconian
   910 | D        | Killed a yellow draconian
   910 | D        | Killed a green draconian
   910 | D        | Reached skill level 10 in Evocations
   910 | D        | Killed a green draconian knight
   910 | D        | Killed a red draconian
   910 | D        | Killed a black draconian
   910 | D        | Killed a white draconian
   911 | D        | Found a transporter.
   912 | D        | Killed a white draconian knight
   912 | D        | Reached XP level 14. HP: 99/118 MP: 11/26
   975 | D        | Entered arena 17.
   978 | D        | Noticed an azure jelly
   980 | D        | Found the +0 Maxwell's etheric cage {RegenMP+ *Contam rElec
                  | MP+4}
   980 | D        | Killed an azure jelly
   988 | D        | Found a transporter.
  1005 | D        | Got the +6 mace of Qimougg {speed, rC+ MP+9 Int+4}
  1021 | D        | Got the ring "Zesixt" {rN+ Int+3}
  1029 | D        | Entered arena 18.
  1031 | D        | Noticed a nagaraja
  1032 | D        | Noticed a nagaraja
  1032 | D        | Identified the +11 shortbow of Disarray {freeze, Str+4}
  1033 | D        | Found the +3 crown of Dyrovepreva {rElec Int+2 SInv}
  1033 | D        | Killed a nagaraja
  1033 | D        | Killed a nagaraja
  1046 | D        | Found a transporter.
  1060 | D        | Got the ring of Fedhas's Reproof {Str+2 Int+4 Dex+3}
  1087 | D        | Entered arena 19.
  1115 | D        | Found the cursed necklace of Bloodlust {*Rage +Rage MR++
                  | Int-3 Slay+6 *Curse}
  1118 | D        | Found a transporter.
  1150 | D        | Got the ring of Waerrod {AC+4 Dex+7}
  1152 | D        | Got the ring "Zyah" {*Drain rN+ MP+9 SInv}
  1169 | D        | Entered arena 20.
  1174 | D        | Identified the amulet "Isouhog" {Spirit rF+}
  1174 | D        | Identified the ring "Wiluqywn" {rPois MR+}
  1180 | D        | Found a transporter.
  1233 | D        | Entered arena 21.
  1273 | D        | Noticed a glowing shapeshifter
  1274 | D        | Noticed a glowing shapeshifter
  1274 | D        | Noticed a shard shrike
  1274 | D        | a glowing shapeshifter changed into a shard shrike
  1274 | D        | a glowing shapeshifter changed into a dream sheep
  1274 | D        | Noticed a shard shrike
  1275 | D        | Noticed a shard shrike
  1276 | D        | Killed a shard shrike
  1276 | D        | Reached XP level 15. HP: 124/124 MP: 30/30
  1276 | D        | Killed a shard shrike
  1276 | D        | Killed a shard shrike
  1279 | D        | Found a transporter.
  1280 | D        | Found the +8 Wrath of Trog {antimagic, *Rage}
  1392 | D        | Entered arena 22.
  1394 | D        | Noticed Ithuplib the pandemonium lord
  1395 | D        | Noticed Renammunn the pandemonium lord
  1395 | D        | Noticed Vyol the pandemonium lord
  1395 | D        | Noticed Ebystrau the pandemonium lord
  1395 | D        | Noticed Zolalul the pandemonium lord
  1395 | D        | Noticed an Executioner
  1396 | D        | Identified the cursed quicksilver dragon scales "Sinatesh"
                  | {*Corrode MR+ Regen+ Dex+8 Stlth-}
  1396 | D        | Noticed Boanan Qie the pandemonium lord
  1396 | D        | Noticed Qeloang the pandemonium lord
  1396 | D        | Noticed Topefeg the pandemonium lord
  1396 | D        | Noticed Asariomn the pandemonium lord
  1396 | D        | Noticed Zarcheke the pandemonium lord
  1396 | D        | Noticed Xyotuceg the pandemonium lord
  1396 | D        | Noticed Misos the pandemonium lord
  1396 | D        | Noticed Raibo the pandemonium lord
  1396 | D        | Noticed Fessithi the pandemonium lord
  1397 | D        | Noticed Uqabb the pandemonium lord
  1397 | D        | Killed Raibo the pandemonium lord
  1397 | D        | Reached skill level 27 in Invocations
  1397 | D        | Killed Ebystrau the pandemonium lord
  1397 | D        | Killed an Executioner
  1397 | D        | Noticed Jesasamm the pandemonium lord
  1397 | D        | Noticed Fagoux the pandemonium lord
  1397 | D        | Noticed Tiaw Rol the pandemonium lord
  1398 | D        | Killed Fagoux the pandemonium lord
  1398 | D        | Reached skill level 15 in Evocations
  1398 | D        | Killed Zolalul the pandemonium lord
  1398 | D        | Killed Uqabb the pandemonium lord
  1398 | D        | Reached XP level 16. HP: 101/132 MP: 32/32
  1398 | D        | Killed Vyol the pandemonium lord
  1398 | D        | Killed Tiaw Rol the pandemonium lord
  1398 | D        | Killed Fessithi the pandemonium lord
  1398 | D        | Killed Qeloang the pandemonium lord
  1398 | D        | Killed Misos the pandemonium lord
  1398 | D        | Killed Topefeg the pandemonium lord
  1398 | D        | Killed Jesasamm the pandemonium lord
  1399 | D        | Noticed Miebry the pandemonium lord
  1400 | D        | Noticed Camal the pandemonium lord
  1400 | D        | Noticed Sunod the pandemonium lord
  1401 | D        | Killed Zarcheke the pandemonium lord
  1402 | D        | Noticed Vuuduf the pandemonium lord
  1403 | D        | Killed Xyotuceg the pandemonium lord
  1403 | D        | Reached XP level 17. HP: 42/139 MP: 33/33
  1403 | D        | Killed Camal the pandemonium lord
  1403 | D        | Killed Asariomn the pandemonium lord
  1403 | D        | Reached skill level 27 in Evocations
  1403 | D        | Killed Renammunn the pandemonium lord
  1403 | D        | Killed Boanan Qie the pandemonium lord
  1403 | D        | Killed Sunod the pandemonium lord
  1403 | D        | Reached skill level 15 in Shields
  1404 | D        | Killed Ithuplib the pandemonium lord
  1405 | D        | Noticed Yxkuid the pandemonium lord
  1406 | D        | Splashed by Miebry the pandemonium lord's acid

Skill      XL: |  1  2  3  4  5  6  7  8  9 10 11 12 13 14 15 16 17 |
---------------+----------------------------------------------------+-----
Dodging        | 5 7 8 |  8.5
Unarmed Combat | 6 9 10 18 20 | 20.6
Invocations    | 7 12 13 16 19 25 27 | 27.0
Shields        | 4 6 10 17 | 17.6
Evocations     | 12 19 25 27 | 27.0
Fighting       | |  2.4
Stealth        | |  1.0

Action                   |  1- 3 |  4- 6 |  7- 9 | 10-12 | 13-15 | 16-18 || total
-------------------------+-------+-------+-------+-------+-------+-------++-------
Melee: Unarmed           |     8 |    34 |    31 |    38 |    14 |       ||   125
       Mace              |       |       |       |       |     4 |       ||     4
       Staff             |       |       |       |       |       |     1 ||     1
Invok: Disaster Area     |       |       |     1 |     8 |    11 |     2 ||    22
       Elemental Force   |       |       |       |     1 |     4 |     1 ||     6
       Upheaval          |       |       |       |       |     1 |     2 ||     3
  Use: Potion            |     1 |       |     3 |     1 |     2 |     1 ||     8
  Eat: Chunk             |       |       |    10 |     1 |     7 |       ||    18
Armor: Gold dragon scale |     8 |    14 |    10 |    12 |     9 |     1 ||    54
Dodge: Dodged            |       |       |     1 |       |       |       ||     1
       Deflected         |       |       |       |     1 |       |       ||     1
Block: Shield            |     8 |    21 |    44 |    62 |    39 |     4 ||   178
